AoeStats
← 養成計畫

Arena

510389620Analyzed
2v2 RM · 16h ago on Sep 30, 2026· 42m 20s· 4 players
Game mode
Random Map
Map size
Medium (4 player)
Population
200
Speed
Normal
Resources
Standard
Victory
Conquest
Starting age
Dark Age
Ending age
Imperial Age
RankedLock teamsTeams togetherTeam positionsShared explorationLock speedFull tech treeHidden civsTurbo modeCheats
Victory
Defeat
🇦🇷 Saxons · Argentina
1051
+16
🇦🇷 Poles · Argentina
1051
+16
🇩🇪 Burgundians · Germany
1062
-16
🇩🇪 Bohemians · Germany
1054
-16
Lannister
5:11 Loom
10:43 Feudal Age
14:58 Castle Age
13:21 Double-Bit Axe
13:37 Horse Collar
15:51 Bow Saw
16:19 Heavy Plow
21:22 Wheelbarrow
22:40 Gold Mining
22:43 Stone Mining
26:46 Imperial Age
25:42 Hand Cart
27:52 Scale Mail Armor
28:02 Forging
27:59 Scale Barding Armor
28:47 Stone Shaft Mining
29:01 Chain Mail Armor
31:27 Iron Casting
31:13 Chain Barding Armor
30:16 Elite Obuch
31:17 Conscription
31:36 Hoardings
31:54 Crop Rotation
31:54 Squires
31:39 Arson
31:17 Light Cavalry
32:08 Bloodlines
31:59 Husbandry
32:37 Lechitic Legacy
33:46 Coinage
32:41 Winged Hussar
34:09 Plate Mail Armor
34:55 Blast Furnace
34:15 Capped Ram
35:16 Siege Ram
35:22 Siege Ram
養成計畫
10:53 Feudal Age
12:44 Double-Bit Axe
15:01 Castle Age
16:04 Loom
18:09 Bow Saw
17:43 Horse Collar
30:22 Wheelbarrow
30:15 Forging
30:06 Scale Mail Armor
29:32 Man-at-Arms
29:58 Gambesons
34:29 Imperial Age
31:22 Long Swordsman
37:06 Chain Mail Armor
37:27 Iron Casting
38:11 Two-Man Saw
36:55 Two-Handed Swordsman
37:36 Squires
37:21 Arson
38:08 Conscription
38:50 Hoardings
37:55 Pikeman
39:21 Plate Mail Armor
39:20 Hand Cart
41:05 Champion
Lorionas VII
11:27 Feudal Age
15:17 Castle Age
13:33 Double-Bit Axe
14:34 Bow Saw
14:28 Loom
14:33 Horse Collar
17:39 Horse Collar
22:52 Wheelbarrow
23:25 Heavy Plow
30:10 Imperial Age
30:23 Town Watch
31:22 Cavalier
32:37 Husbandry
32:45 Scale Barding Armor
34:18 Gold Mining
35:20 Hand Cart
34:46 Paladin
35:58 Town Patrol
36:05 Stone Mining
37:20 Two-Man Saw
37:11 Chain Barding Armor
37:39 Forging
39:55 Plate Barding Armor
41:38 Iron Casting
MaK
9:25 Feudal Age
13:49 Castle Age
11:45 Double-Bit Axe
19:15 Horse Collar
22:28 Wheelbarrow
28:03 Imperial Age
29:02 Chemistry
29:33 Pikeman
30:13 Squires
31:16 Halberdier
34:11 Conscription
36:39 Scale Mail Armor
Connection lost

Rejoining the realm…

Still unreachable

The connection could not be restored.

Session expired

The server has moved on; the page needs a fresh start.